 Dungeon Crawl Stone Soup version 0.20-a0-553-g9f38e11 (webtiles) character file.

41 drasked the Sneak (level 3, 0/16 HPs)
             Began as a Spriggan Enchanter on Feb 3, 2017.
             Slain by a wyvern zombie (16 damage)
             ... on level 3 of the Dungeon.
             The game lasted 00:11:16 (2673 turns).

drasked the Sneak (Spriggan Enchanter)              Turns: 2673, Time: 00:11:17

Health: 0/16       AC:  2    Str:  5    XL:     3   Next: 32%
Magic:  6/9        EV: 18    Int: 16    God:
Gold:   71         SH:  0    Dex: 16    Spells: 3/9 levels left

rFire    . . .     SeeInvis +   k - +0 dagger (venom)
rCold    . . .     Gourm    .   b - +0 robe
rNeg     . . .     Faith    .   (shield restricted)
rPois    .         Spirit   .   (helmet restricted)
rElec    .         Reflect  .   (no cloak)
rCorr    .         Harm     .   (gloves unavailable)
MR       .....                  (boots unavailable)
Stlth    +++.......             (no amulet)
Regen    0.1/turn               (no ring)
                                (no ring)

@: very quick
A: unfitting armour, see invisible, herbivore 3, speed 3, slow metabolism 2
a: no special abilities


You were on level 3 of the Dungeon.
You were not hungry.

You visited 1 branch of the dungeon, and saw 3 of its levels.

You collected 71 gold pieces.

Inventory:

Hand Weapons
 a - a +1 dagger
 k - a +0 dagger of venom (weapon)
   (You took it off a goblin on level 1 of the Dungeon)
Armour
 b - a +0 robe (worn)
Scrolls
 e - 3 scrolls of identify {unknown}
 g - 3 scrolls of teleportation {unknown}
 j - a scroll of blinking {unknown}
 m - a scroll of random uselessness {unknown}
Potions
 f - a potion of flight {unknown}
 h - a potion of cure mutation {unknown}
 l - a potion of mutation {unknown}
 n - a potion of curing {unknown}
 o - 2 potions of brilliance {unknown}
Books
 c - a book of Maledictions
Comestibles
 d - 3 bread rations {@e1}
 i - a royal jelly


   Skills:
 + Level 1.9 Short Blades
 - Level 3.0 Dodging
 + Level 5.2 Stealth
 * Level 3.8 Spellcasting
 - Level 3.6 Hexes


You had 3 spell levels left.
You knew the following spells:

 Your Spells              Type           Power        Failure   Level  Hunger
a - Ensorcelled Hibernat  Hex/Ice        #.....       14%         2    ##.....
c - Confuse               Hex            ##......     12%         3    ###....
v - Corona                Hex            ##.....      4%          1    None


Dungeon Overview and Level Annotations

Branches:
Dungeon (3/15)

Altars:


Innate Abilities, Weirdness & Mutations

You are very small and have problems with some larger weapons.
You are too small for most types of armour.
You have supernaturally acute eyesight. (SInv)
You are a herbivore.
You cover ground extremely quickly.
You need consume almost no food.


Message History

A rat is nearby!
The helpless rat fails to defend itself.
You impale the rat!!
You kill the rat!
Things that are here:
a dagger; 21 arrows A rat comes into view.
Found a stone staircase leading up.
The helpless rat fails to defend itself.
You impale the rat!!
You kill the rat!
You see here a rat corpse.
A giant cockroach comes into view.
The giant cockroach moves out of view.
A hobgoblin comes into view.
You hit the giant cockroach.
The giant cockroach is poisoned.
You kill the giant cockroach!
The hobgoblin is too close now for your liking.
You closely miss the hobgoblin. The hobgoblin closely misses you.
You hit the hobgoblin. The hobgoblin hits you.
You take 1 damage, and have 15/16 hp.
You hit the hobgoblin but do no damage.
The hobgoblin is poisoned.
The hobgoblin barely misses you.
You hit the hobgoblin.
The hobgoblin looks as sick as possible!
The hobgoblin misses you.
You hit the hobgoblin but do no damage.
The hobgoblin looks as sick as possible!
You kill the hobgoblin!
o - 2 orange potions Health restored: 16
There is a stone staircase leading down here.
A rat comes into view.
A rat is nearby!
You hit the rat but do no damage.
The rat is poisoned.
The rat barely misses you.
You barely miss the rat.
You kill the rat!
You see here a ring mail.
There is a stone staircase leading up here.
You see here 20 stones.
Done exploring.
Done exploring.
Done exploring.
Okay, then.
Search for what [? for help]? > Can't find anything matching that.
(D) Dungeon
Where to? (? - help)
There is a stone staircase leading down here.
You climb downwards.
A rat and a giant cockroach come into view.
There is a stone staircase leading up here.
Unknown command.
The helpless giant cockroach fails to defend itself.
You impale the giant cockroach!!
You kill the giant cockroach!
The rat misses you.
There is a stone staircase leading up here.
You barely miss the rat. You hit the rat but do no damage. The rat misses you.
You barely miss the rat. The rat bites you.
You take 1 damage, and have 15/16 hp.
You hit the rat but do no damage.
The rat is poisoned.
The rat completely misses you.
Health restored: 16 You hit the rat.
You kill the rat!
You climb upwards.
There is a stone staircase leading down here.
You climb downwards.
There is a stone staircase leading up here.
You see here a giant cockroach corpse.
d - 3 bread rations {@e1} (gained 1)
You found a teleport trap!
Found a stone staircase leading down.
A wyvern zombie comes into view.
Sorry, you're not good enough to have a special ability.
Aim: a wyvern zombie (chance to defeat MR: 57%)
The wyvern zombie appears confused.
You now have 6/9 mp.
You hit the wyvern zombie. The wyvern zombie bites you!
Ouch! That really hurt!
You take 11 damage, and have 5/16 hp.
MASSIVE DAMAGE!!
You see here a giant cockroach corpse.
There is a stone staircase leading up here.
You start resting.
Health restored: 16; MP restored: 9 An orc comes into view.
It is wielding a dagger.
The orc moves out of view.
You hit the wyvern zombie but do no damage.
The wyvern zombie misses you. The wyvern zombie closely misses you.
Sorry, you're not good enough to have a special ability.
You don't know that spell.
Aim: a wyvern zombie (lightly damaged, chance to defeat MR: 57%)
The wyvern zombie resists with significant effort.
The wyvern zombie bites you!
Ouch! That really hurt!
You die...

#.# #.#
###############.
#.####...............
#.#^........########.
#.#.##.##...####
#...##.##.#....#
######.##.##.#.#### #
# #.##....#....##...#
# #>.........@.......
# #####.######Z##...#
#.# .# # ..# .# ##..
.. ... ?. #.. ... $..


You could see a wyvern zombie.

Vanquished Creatures
  A dart slug (D:1)
  2 leopard geckos
  2 giant cockroaches
  3 goblins (D:1)
  3 hobgoblins
  2 jackals (D:2)
  4 kobolds
  A quokka (D:2)
  7 bats (D:1)
  5 frilled lizards
  7 rats
37 creatures vanquished.

Notes
Turn   | Place    | Note
-------+----------+-------------------------------------------
     0 | D:1      | drasked the Spriggan Enchanter began the quest for the Orb.
     0 | D:1      | Reached XP level 1. HP: 9/9 MP: 5/5
   288 | D:1      | Reached skill level 3 in Spellcasting
   365 | D:1      | Reached XP level 2. HP: 11/13 MP: 7/7
   369 | D:1      | Learned a level 2 spell: Ensorcelled Hibernation
   879 | D:1      | Reached skill level 5 in Stealth
  1011 | D:1      | HP: 3/13 [poisoned by a goblin]
  1687 | D:2      | Reached XP level 3. HP: 14/16 MP: 9/9
  1692 | D:2      | Learned a level 3 spell: Confuse
  2673 | D:3      | Slain by a wyvern zombie

Vault maps used:
D:1:      lemuel_arrival_funnel, minmay_pentomino_x2
D:3:      first_bread

Skill      XL: |  1  2 |
---------------+-------+-----
Spellcasting   | 3 |  3.8
Stealth        | 5 |  5.2
Short Blades   | |  1.9
Dodging        | |  3.0
Hexes          | |  3.6

Action                   || total
-------------------------++-------
Melee: Dagger            ||   135
 Cast: Ensorcelled Hiber ||     5
       Confuse           ||     2
 Stab: Sleeping          ||     9
       Distracted        ||     1
Armor: Robe              ||    14
Dodge: Dodged            ||    94

Vault maps used:
D:1:      lemuel_arrival_funnel, minmay_pentomino_x2
D:3:      first_bread

Table legend:
 A = Turns spent in this place as a percentage of turns spent in the entire game.
 B = Non-inter-level travel turns spent in this place as a percentage of non-inter-level travel turns spent in the entire game.
 C = Inter-level travel turns spent in this place as a percentage of turns spent in this place.
 D = Turns resting spent in this place as a percentage of non-inter-level travel turns spent in this place.
 E = Turns spent auto-exploring this place as a percentage of non-inter-level travel turns spent in this place.
 F = Non-inter-level travel turns spent in this place divided by the number of levels of this place that you've seen.
                   A       B       C       D       E      F
               +-------+-------+-------+-------+-------+----------------------
         Total | 100.0 | 100.0 |   0.1 |   4.5 |   5.9 | 284.0
       Dungeon | 100.0 | 100.0 |   0.1 |   4.5 |   5.9 | 284.0
               +-------+-------+-------+-------+-------+----------------------

Table legend:
 A = Kills in this place as a percentage of kills in entire the game.
 B = Kills by you in this place as a percentage of kills by you in the entire game.
 C = Kills by friends in this place as a percentage of kills by friends in the entire game.
 D = Other kills in this place as a percentage of other kills in the entire game.
 E = Experience gained in this place as a percentage of experience gained in the entire game.
 F = Experience gained in this place divided by the number of levels of this place that you have seen.
                   A       B       C       D       E      F
               +-------+-------+-------+-------+-------+----------------------
         Total | 100.0 | 100.0 |  -nan |  -nan | 100.0 |  19.7
       Dungeon | 100.0 | 100.0 |  -nan |  -nan | 100.0 |  19.7
               +-------+-------+-------+-------+-------+----------------------
